 Dungeon Crawl Stone Soup version 0.23-a0-650-ga4d50d4 (webtiles) character file.

164 Borgoz the Sneak (level 5, -3/31 HPs)
             Began as a Kobold Assassin on Jan 2, 2019.
             Slain by Grinder (6 damage)
             ... on level 3 of the Dungeon.
             The game lasted 00:06:01 (1992 turns).

Borgoz the Sneak (Kobold Assassin)                  Turns: 1992, Time: 00:06:02

Health: -3/31      AC:  4    Str: 14    XL:     5   Next: 73%
Magic:  5/5        EV: 15    Int: 12    God:
Gold:   146        SH:  0    Dex: 17    Spells: 4/4 levels left

rFire    . . .     SeeInvis .   a - +2 dagger
rCold    . . .     Gourm    .   (shield restricted)
rNeg     . . .     Faith    .   c - +0 robe
rPois    .         Spirit   .   (no helmet)
rElec    .         Reflect  .   d - +1 cloak
rCorr    .         Harm     .   (no gloves)
MR       .....                  (no boots)
Stlth    ++++......             (no amulet)
HPRegen  0.10/turn              (no ring)
MPRegen  0.09/turn              (no ring)

@: mighty
A: small, carnivore
a: no special abilities


You were on level 3 of the Dungeon.
You were completely stuffed.

You visited 1 branch of the dungeon, and saw 3 of its levels.

You collected 146 gold pieces.

Inventory:

Hand Weapons
 a - a +2 dagger (weapon)
 b - a +0 blowgun
Armour
 c - a +0 robe (worn)
 d - a +1 cloak (worn)
Jewellery
 k - an uncursed ring of fire
Scrolls
 j - a scroll of fear
Potions
 h - 2 potions of agility {unknown}
 l - a potion of lignification {unknown}
 m - 2 potions of mutation
 o - a potion of haste {unknown}
 q - a potion of heal wounds
 s - a potion of curing
 t - a potion of cancellation
Comestibles
 g - 3 rations
 n - 2 chunks of flesh


   Skills:
 + Level 2.7 Fighting
 * Level 5.4 Short Blades
 - Level 2.1 Throwing
 + Level 2.0 Dodging
 + Level 6.8 Stealth


You had 4 spell levels left.
You didn't know any spells.
Your spell library was empty.

Dungeon Overview and Level Annotations

Branches:
Dungeon (3/15)

Altars:

Annotations:
D:3 Grinder


Innate Abilities, Weirdness & Mutations

You are small and have problems with some larger weapons.
You are carnivorous and can eat meat at any time.


Message History

Grinder says, "DUCK!"
Grinder gestures at you.
You suddenly lose the ability to move!
Grinder gestures at you.
You barely resist. Grinder hits you but does no damage. Grinder hits you.
Grinder hits you!
You writhe in agony.
* * * LOW HITPOINT WARNING * * *
Grinder hits you.
* * * LOW HITPOINT WARNING * * *
You writhe in agony.
* * * LOW HITPOINT WARNING * * *
You can move again.
You closely miss Grinder.
Grinder is moderately wounded.
You puncture Grinder!
Grinder is heavily wounded.
Grinder hits you.
You die...

#.# #.# #.# #.# #†#
#.# ##. #.#
.....############.#
(..(..(..(..5@....#
......#############
..... .#.# #


You could see Grinder.

Vanquished Creatures
  Terence (D:2)
  Natasha (thrice) (D:3)
  2 adders
  2 dart slugs
  3 leopard geckos
  4 bats
  3 giant cockroaches (D:1)
  6 hobgoblins
  2 jackals (D:3)
  4 frilled lizards
  7 goblins
  3 kobolds (D:2)
  3 rats
43 creatures vanquished.

Notes
Turn   | Place    | Note
-------+----------+-------------------------------------------
     0 | D:1      | Borgoz the Kobold Assassin began the quest for the Orb.
     0 | D:1      | Reached XP level 1. HP: 12/12 MP: 1/1
    79 | D:1      | Reached XP level 2. HP: 18/18 MP: 2/2
   621 | D:1      | Reached XP level 3. HP: 22/22 MP: 3/3
   634 | D:1      | Reached skill level 6 in Stealth
  1116 | D:2      | Noticed Terence
  1142 | D:2      | Killed Terence
  1142 | D:2      | Reached XP level 4. HP: 21/27 MP: 4/4
  1421 | D:3      | Noticed Natasha
  1447 | D:3      | Killed Natasha
  1447 | D:3      | Reached XP level 5. HP: 9/31 MP: 5/5
  1484 | D:3      | Noticed Natasha
  1492 | D:3      | Killed Natasha
  1492 | D:3      | Reached skill level 5 in Short Blades
  1499 | D:3      | Noticed Natasha
  1510 | D:3      | Killed Natasha
  1958 | D:3      | Noticed Grinder
  1973 | D:3      | Paralysed by Grinder for 4 turns
  1985 | D:3      | Paralysed by Grinder for 5 turns
  1992 | D:3      | Slain by Grinder

Vault maps used:
D:1:      lightli_arrival_statuegarden
D:2:      uniq_terence
D:3:      gammafunk_temple_overflow_claw, uniq_natasha, uniq_robin, uniq_grinder

Skill      XL: |  1  2  3  4  5 |
---------------+----------------+-----
Short Blades   | 3 4 5 |  5.4
Stealth        | 6 |  6.8
Dodging        | 2 |  2.0
Fighting       | |  2.7
Throwing       | |  2.1

Action                   |  1- 3 |  4- 6 || total
-------------------------+-------+-------++-------
Melee: Dagger            |    92 |    55 ||   147
 Fire: Blowgun           |     6 |    18 ||    24
  Use: Scroll            |     3 |     5 ||     8
       Potion            |       |     1 ||     1
 Stab: Sleeping          |    10 |     3 ||    13
  Eat: Chunk             |     9 |     3 ||    12
Armor: Robe              |    14 |     7 ||    21
Dodge: Dodged            |    56 |    39 ||    95

Table legend:
 A = Non-vault XP
 B = Vault XP
 C = Vault XP percentage of total XP
 D = Non-vault monster count
 E = Vault monster count
 F = Vault count percentage of total count
                 A         B        C        D         E       F
            +---------+---------+-------+---------+---------+-------
      Total |     162 |      73 |  31.1 |      41 |       2 |   4.7
            +---------+---------+-------+---------+---------+-------
        D:1 |      39 |       0 |   0.0 |      19 |       0 |   0.0
        D:2 |      33 |      38 |  53.5 |      13 |       1 |   7.1
        D:3 |      90 |      35 |  28.0 |       9 |       1 |  10.0
            +---------+---------+-------+---------+---------+-------
